 Dungeon Crawl Stone Soup version 0.29.1-13-g9f3cf754e1 (webtiles) character file.

Game seed: 462502665534506252

1537477 LSt the Planerender (level 27, 180/180 HPs)
             Began as a Deep Elf Summoner on Feb 2, 2023.
             Was the Champion of Sif Muna.
             Escaped with the Orb
             ... and 3 runes on Feb 6, 2023!
             The game lasted 12:38:30 (90337 turns).

LSt the Planerender (Deep Elf Summoner)            Turns: 90337, Time: 12:38:31

Health: 180/180    AC: 25    Str:  5    XL:     27
Magic:  56/56      EV: 27    Int: 46    God:    Sif Muna [******]
Gold:   4672       SH: 11    Dex: 18    Spells: 6/63 levels left

rFire   + + .      SeeInvis .   Q - staff of fire
rCold   + + .      Faith    .   I - +3 buckler {AC+3}
rNeg    + . .      Spirit   .   R - +4 troll leather armour of Idighemie {Regen+ Int+4}
rPois   +          Reflect  .   j - +0 hat "Oraonidghipt" {rElec Will+ Int+3}
rElec   +          Harm     .   H - +2 cloak {rPois}
rCorr   .          Rampage  .   t - +2 pair of gloves {Dex+3}
Will    +++..                   x - +2 pair of boots
Stlth   +++.......              T - amulet of the acrobat
HPRegen 1.20/turn               s - +4 ring of protection
MPRegen 0.35/turn               w - ring of Poruhoub {rF+ rC+ rN+ MP+9 Int+4}

@: studying 2 skills
A: cold resistance 1
0: Orb of Zot
}: 3/15 runes: decaying, slimy, gossamer
a: Renounce Religion, Channel Magic, Forget Spell, Divine Exegesis


You escaped.
You worshipped Sif Muna.
Sif Muna was exalted by your worship.
You visited 12 branches of the dungeon, and saw 55 of its levels.
You visited 2 bazaars.
You also visited: Ossuary, Bailey and Ice Cave.

You collected 8890 gold pieces.
You spent 4218 gold pieces at shops.

Inventory:

Missiles
 C - 4 throwing nets
 S - 14 boomerangs of dispersal (quivered)
Armour
 j - the +0 hat "Oraonidghipt" (worn) {rElec Will+ Int+3}
   (You found it on level 15 of the Dungeon)

   Int:       It affects your intelligence (+3).
   rElec:     It insulates you from electricity.
   Will:      It increases your willpower.
 t - a +2 pair of gloves of dexterity (worn)
 x - a +2 pair of boots (worn)
 H - a +2 cloak of poison resistance (worn)
 I - a +3 buckler of protection (worn)
 R - the +4 troll leather armour of Idighemie (worn) {Regen+ Int+4}
   (You found it on level 1 of the Realm of Zot)

   Int:       It affects your intelligence (+4).
   Regen:     It increases your rate of health regeneration.
Magical Staves
 N - a staff of cold
 Q - a staff of fire (weapon)
Jewellery
 a - a ring of see invisible
 f - a ring of resist corrosion
 l - the ring of Descent {rPois rF+++ rC- Str-2 Slay+4}
   (You found it on level 5 of the Pits of Slime)

   [ring of slaying]

   Str:       It affects your strength (-2).
   Slay:      It affects your accuracy & damage with ranged weapons and melee
   (+4).
   rF:        It renders you almost immune to fire.
   rC:        It makes you vulnerable to cold.
   rPois:     It protects you from poison.
 s - a +4 ring of protection (left hand)
 w - the ring of Poruhoub (right hand) {rF+ rC+ rN+ MP+9 Int+4}
   (You found it on level 3 of the Crypt)

   [ring of positive energy]

   Int:       It affects your intelligence (+4).
   rF:        It protects you from fire.
   rC:        It protects you from cold.
   rN:        It protects you from negative energy.
   MP:        It affects your magic capacity (+9).
 G - a ring of willpower
 T - an amulet of the acrobat (around neck)
 U - a +4 ring of protection
 Y - a ring of flight
Wands
 b - a wand of roots (21)
 d - a wand of digging (18)
 e - a wand of acid (32)
 A - a wand of mindburst (27)
 J - a wand of polymorph (21)
 L - a wand of paralysis (31)
Scrolls
 c - 6 scrolls of summoning
 i - 9 scrolls of poison
 k - 27 scrolls of teleportation
 q - 2 scrolls of silence
 v - 3 scrolls of blinking
 y - 10 scrolls of immolation
 B - 3 scrolls of butterflies
 D - 19 scrolls of vulnerability
 F - 8 scrolls of amnesia
 K - 3 scrolls of magic mapping
 P - a scroll of acquirement
 X - 15 scrolls of fear
 Z - 3 scrolls of enchant armour
Potions
 g - 7 potions of resistance
 h - 7 potions of mutation
 m - 17 potions of heal wounds
 o - 8 potions of haste
 p - 6 potions of magic
 u - 6 potions of ambrosia
 z - 18 potions of curing
 E - 5 potions of flight
 M - 12 potions of lignification
 O - 4 potions of invisibility
 V - 10 potions of brilliance
 W - 7 potions of cancellation
Miscellaneous
 n - a condenser vane
 r - a phantom mirror


   Skills:
 - Level 20.3 Fighting
 - Level 3.5 Armour
 O Level 27 Dodging
 - Level 21.0 Stealth
 - Level 12.0 Shields
 + Level 18.7 Spellcasting
 - Level 1.0 Hexes
 O Level 27 Summonings
 + Level 14.7 Translocations
 - Level 1.0 Air Magic
 - Level 17.7 Invocations
 - Level 5.4 Evocations


You had 6 spell levels left.
You knew the following spells:

 Your Spells              Type           Power      Damage    Failure   Level
a - Summon Small Mammal   Summ           100%       N/A       0%          1
b - Passage of Golubria   Tloc           100%       N/A       1%          4
c - Call Canine Familiar  Summ           100%       N/A       0%          3
d - Summon Guardian Gole  Hex/Summ       100%       N/A       0%          3
e - Summon Lightning Spi  Summ/Air       100%       N/A       1%          4
f - Summon Cactus Giant   Summ           69%        N/A       0%          6
g - Monstrous Menagerie   Summ           69%        N/A       0%          7
h - Summon Mana Viper     Hex/Summ       100%       N/A       1%          5
i - Malign Gateway        Summ/Tloc      62%        N/A       1%          7
j - Blink                 Tloc           100%       N/A       0%          2
k - Dragon's Call         Summ           69%        N/A       1%          9
l - Dispersal             Tloc           54%        N/A       1%          6

Your spell library contained the following spells:

 Spells                   Type           Power      Damage    Failure   Level
 Apportation              Tloc           100%       N/A       0%          1
 Call Imp                 Summ           100%       N/A       0%          2
 Gell's Gravitas          Tloc           100%       N/A       0%          3
 Lesser Beckoning         Tloc           100%       N/A       0%          3
 Teleport Other           Tloc           100%       N/A       0%          3
 Summon Forest            Summ/Tloc      62%        N/A       0%          5
 Beastly Appendage        Tmut           86%        N/A       1%          1
 Foxfire                  Conj/Fire      100%       2x1d9     1%          1
 Freeze                   Ice            100%       1d11      1%          1
 Magic Dart               Conj           100%       1d8       1%          1
 Necrotise                Necr           100%       1d9       1%          1
 Sandblast                Erth           86%        2d18      1%          1
 Shock                    Conj/Air       100%       1d9       1%          1
 Slow                     Hex            100%       N/A       1%          1
 Sting                    Tmut/Pois      100%       1d8       1%          1
 Ensorcelled Hibernation  Hex/Ice        94%        N/A       1%          2
 Passwall                 Tmut/Erth      35%        N/A       1%          2
 Poisonous Vapours        Pois/Air       94%        N/A       1%          2
 Scorch                   Fire           100%       2d10      1%          2
 Searing Ray              Conj           86%        2d7       1%          2
 Static Discharge         Conj/Air       47%        3-9/arc   1%          2
 Sublimation of Blood     Necr           43%        N/A       1%          2
 Wereblood                Tmut           43%        N/A       1%          2
 Confusing Touch          Hex            51%        N/A       1%          3
 Portal Projectile        Hex/Tloc       100%       N/A       1%          3
 Swiftness                Air            51%        N/A       1%          3
 Tukima's Dance           Hex            51%        N/A       1%          3
 Animate Armour           Summ/Erth      100%       N/A       1%          4
 Iskenderun's Mystic Bla  Conj/Tloc      84%        2d17      1%          4
 Summon Ice Beast         Ice/Summ       100%       N/A       1%          4
 Manifold Assault         Tloc           100%       N/A       1%          5
 Conjure Flame            Conj/Fire      59%        6-21      2%          3
 Dazzling Flash           Conj/Hex       94%        N/A       2%          3
 Frozen Ramparts          Ice            86%        1d13      2%          3
 Ignite Poison            Fire/Tmut/Pois 59%        N/A       2%          3
 Inner Flame              Hex/Fire       64%        N/A       2%          3
 Mephitic Cloud           Conj/Pois/Air  46%        N/A       2%          3
 Ozocubu's Armour         Ice            43%        N/A       2%          3
 Spider Form              Tmut/Pois      43%        N/A       2%          3
 Stone Arrow              Conj/Erth      86%        3d12      2%          3
 Vampiric Draining        Necr           43%        2d9       2%          3
 Airstrike                Air            25%        2d(4-20)  6%          4
 Cause Fear               Hex            25%        N/A       6%          4
 Anguish                  Hex/Necr       23%        N/A       8%          4
 Corpse Rot               Necr/Pois/Air  46%        N/A       8%          4
 Fulminant Prism          Conj/Hex       23%        3d13      8%          4
 Leda's Liquefaction      Hex/Erth       23%        N/A       8%          4
 Animate Dead             Necr           43%        N/A       9%          4
 Dispel Undead            Necr           43%        3d17      9%          4
 Flame Wave               Conj/Fire      59%        2d14      9%          4
 Hailstorm                Conj/Ice       43%        3d10      9%          4
 Ice Form                 Ice/Tmut       43%        N/A       9%          4
 Olgreb's Toxic Radiance  Pois           43%        N/A       9%          4
 Petrify                  Tmut/Erth      43%        N/A       9%          4
 Sticky Flame             Conj/Fire      59%        2d7       9%          4
 Silence                  Hex/Air        25%        N/A       17%         5
 Lightning Bolt           Conj/Air       23%        1d39      21%         5
 Metabolic Englaciation   Hex/Ice        23%        N/A       21%         5
 Yara's Violent Unravell  Hex/Tmut       23%        3d10      21%         5
 Freezing Cloud           Conj/Ice/Air   23%        6-21      22%         5
 Agony                    Necr           43%        N/A       26%         5
 Alistair's Intoxication  Tmut/Pois      28%        N/A       26%         5
 Blade Hands              Tmut           21%        N/A       26%         5
 Borgnjor's Vile Clutch   Necr/Erth      21%        N/A       26%         5
 Fireball                 Conj/Fire      29%        3d13      26%         5
 Irradiate                Conj/Tmut      21%        3d18      26%         5
 Iskenderun's Battlesphe  Conj           43%        2d9       26%         5
 Lee's Rapid Deconstruct  Erth           21%        3d13*     26%         5
 Conjure Ball Lightning   Conj/Air       23%        3x3d6     75%         6
 Death Channel            Necr           21%        N/A       80%         6
 Eringya's Noxious Bog    Tmut/Pois      21%        N/A       80%         6
 Iron Shot                Conj/Erth      21%        9d5       80%         6
 Simulacrum               Ice/Necr       21%        N/A       80%         6
 Starburst                Conj/Fire      29%        6d9       80%         6
 Statue Form              Tmut/Erth      28%        N/A       80%         6
 Summon Hydra             Summ           69%        N/A       0%          7
 Summon Horrible Things   Summ           69%        N/A       1%          8
 Haunt                    Necr/Summ      53%        N/A       3%          7
 Spellforged Servitor     Conj/Summ      53%        N/A       3%          7
 Disjunction              Tloc           54%        N/A       14%         8
 Enfeeble                 Hex            25%        N/A       99%         7
 Storm Form               Tmut/Air       23%        N/A       99%         7
 Dragon Form              Tmut           21%        N/A       100%        7
 Orb of Destruction       Conj           21%        9d8       100%        7
 Ozocubu's Refrigeration  Ice            21%        4d12      100%        7
 Borgnjor's Revivificati  Necr           21%        N/A       100%        8
 Discord                  Hex            25%        N/A       100%        8
 Ignition                 Fire           29%        3d9       100%        8
 Infestation              Necr           21%        N/A       100%        8
 Lehudib's Crystal Spear  Conj/Erth      21%        10d6      100%        8
 Maxwell's Capacitive Co  Air            25%        ∞         100%        8
 Necromutation            Tmut/Necr      21%        N/A       100%        8
 Chain Lightning          Conj/Air       23%        3d31      100%        9
 Death's Door             Necr           21%        N/A       100%        9
 Fire Storm               Conj/Fire      29%        8d8       100%        9
 Polar Vortex             Ice            21%        N/A       100%        9
 Shatter                  Erth           21%        3d19*     100%        9


Dungeon Overview and Level Annotations

Branches:
Dungeon (15/15)            Temple (1/1) D:7            Lair (5/5) D:10
  Swamp (4/4) Lair:2       Spider (4/4) Lair:3        Slime (5/5) Lair:4
    Orc (2/2) D:11            Elf (3/3) Orc:2        Vaults (4/5) D:14
  Crypt (3/3) Vaults:2       Tomb (0/3) Crypt:3      Depths (4/4) D:15
    Zot (5/5) Depths:4    Ossuary (visited)          Bailey (visited)
  IceCv (visited)

Altars:
Ashenzari
Cheibriados
Dithmenos
Elyvilon
Fedhas
Gozag
Hepliaklqana
Kikubaaqudgha
Makhleb
Nemelex Xobeh
Okawaru
Qazlal
Ru
Sif Muna
Trog
Uskayaw
Vehumet
Wu Jian
Xom
Yredelemnul
Zin
The Shining One
Jiyva

Shops:
D:3 [   D:11 ([(   D:15 *   Orc:2 !=*[(   Elf:1 :(!?   Vaults:1 !   Depths:2 [

Portals:
Hell: Lair:5 Depths:1 Depths:2 Depths:3 Depths:4
Abyss: Depths:3
Pandemonium: Depths:2
Ziggurat: Depths:3

Annotations:
D:5 2 transporters, nikirochi's ghost, amateur OpBr
D:6 steam dragon
Spider:4 Roxanne
Crypt:3 3 runed translucent doors, Uxem's ghost, veteran GrEE


Innate Abilities, Weirdness & Mutations

Your flesh is cold resistant. (rC+)


Message History

Your sphinx closely misses the Orb Guardian. x2
Your sphinx hits the Orb Guardian but does no damage.
The Orb Guardian completely misses you.
Your sphinx hits the Orb Guardian!
Your sphinx barely misses the Orb Guardian.
Your sphinx hits the Orb Guardian. The Orb Guardian barely misses you.
You block the Orb Guardian's attack.
Your sphinx hits the Orb Guardian.
Your sphinx barely misses the Orb Guardian.
Your sphinx hits the Orb Guardian but does no damage.
The Orb Guardian completely misses you.
Your sphinx mumbles some strange words.
The Orb Guardian is smitten.
The Orb Guardian hits you.
Your manticore bites the Orb Guardian but does no damage.
Your manticore claws the Orb Guardian but does no damage. x2
Your sphinx hits the Orb Guardian! Your sphinx hits the Orb Guardian.
Your sphinx hits the Orb Guardian but does no damage.
The Orb Guardian hits your sphinx!!
Your manticore bites the Orb Guardian!
Your manticore claws the Orb Guardian but does no damage.
Your manticore claws the Orb Guardian.
The Orb Guardian hits your manticore!!
Your sphinx misses the Orb Guardian.
Your sphinx completely misses the Orb Guardian.
Your sphinx hits the Orb Guardian.
The Orb Guardian dies!
Sif Muna accepts your kill.
(D) Dungeon (T) Temple (L) Lair (S) Swamp (N) Spider Nest (M) Slime Pits (O) Orcish Mines (E) Elven Halls (V) Vaults (C) Crypt (W) Tomb (U) Depths (H) Hell (Z) Zot
Where to? (* - list waypoints, Enter - D:1 @ (x,y), ? - help) HP restored.
There is a stone staircase leading up here.
You climb upwards.
Your summoned allies are left behind.
There is a stone staircase leading down here.
There is a stone staircase leading up here.
Magic restored.
There is a stone staircase leading up here.
You climb upwards.
There is a stone staircase leading down here.
There is a staircase leading out of the dungeon here.
You have escaped!

.........###.........###...# #..
........## ##.......## ##..####..
........# #.......# #..##.'..
........## ##..^....## ##.....#..
.........###.........###....###..
............................##...
.#####......................##...
..# #....................>..'...
..# #..........@.........#.##...
..# #....................#.##...
..# #......................##...
..####....................#.##...
...).....###...[.....###....##...
.#......## ##.......## ##.####...
.#......# #.......# #.# #...
.#......## ##.......## ##.# ####
.#.......###.........###..# #


There were no monsters in sight!

Vanquished Creatures
  A very ugly thing (Vaults:4)
  A deep troll (Vaults:4)
  A komodo dragon (Lair:2)
  A yaktaur (Vaults:4)
  An ogre (D:10)
  2 boggarts (Vaults:2)
  A bullfrog (Lair:2)
  A necrophage (D:8)
  A killer bee (D:8)
  A hound (D:6)
  An iguana (D:7)
  2 adders
  An ufetubus (D:7)
  7 orcs
  2 ball pythons
  An endoplasm (D:4)
  2 giant cockroaches
  A goblin (D:3)
  A quokka (D:2)
  2 bats
  A frilled lizard (D:2)
  3 kobolds
  2 rats
37 creatures vanquished.

Vanquished Creatures (collateral kills)
  Dissolution (Slime:4)
  the Royal Jelly (Slime:5)
  2 ancient liches (Zot:5)
  Tiamat (Zot:3)
  2 dread liches (Zot:5)
  6 orbs of fire
  2 juggernauts
  11 Killer Klowns
  Bai Suzhen (Depths:1)
  8 curse toes
  A caustic shrike (Depths:4)
  6 golden dragons
  Jory (Crypt:3)
  A bone dragon (Depths:4)
  Arachne (Spider:4)
  4 electric golems
  A Tzitzimitl (Depths:1)
  23 tentacled monstrosities
  Zenata (Crypt:1)
  An Ice Fiend (D:13)
  A shard shrike skeleton (Crypt:3)
  The ghost of donbex the Eclecticist, an adept DECj of Vehumet (Swamp:4)
  2 titans
  7 liches
  A walking crystal tome (Depths:3)
  30 Orb Guardians
  5 quicksilver dragons
  5 deep elf blademasters
  2 deep elf master archers (Elf:3)
  Asterion (Spider:4)
  25 acid blobs
  The ghost of duchin the Impaler, an adept MfBe of Trog (Swamp:4)
  6 sphinxes
  9 eldritch tentacles
  3 ancient champions
  The ghost of solar the Warrior, an adept MiFi of Okawaru (Swamp:4)
  10 death cobs
  The ghost of Svetislav95 the Warrior, an adept HuGl of Okawaru (Swamp:4)
  Kirke (Spider:1)
  9 shadow dragons
  21 storm dragons
  4 tengu reavers
  6 fenstrider witches (Swamp:4)
  Donald (Swamp:4)
  5 draconian monks
  10 rockslimes
  8 draconian knights
  6 fire giants
  8 azure jellies
  5 deep elf sorcerers
  2 iron dragons
  5 draconian scorchers
  2 caustic shrike zombies
  10 frost giants
  5 orc warlords
  2 balrugs (Depths:2)
  2 emperor scorpions (Spider:4)
  8 deep elf elementalists (Elf:3)
  9 vault wardens
  A caustic shrike skeleton (Depths:3)
  Louise (Depths:3)
  7 ghost moths
  14 draconian shifters
  8 draconian stormcallers
  3 spriggan defenders
  10 ironbound preservers
  6 quicksilver oozes
  16 draconian annihilators
  A demonspawn blood saint (Depths:1)
  A war gargoyle (Vaults:4)
  26 very ugly things
  4 reapers
  14 stone giants
  13 black draconians
  24 vampire knights
  8 ironbound thunderhulks
  7 entropy weavers
  13 green draconians
  4 deep elf demonologists (Elf:3)
  An entropy weaver (shapeshifter) (D:15)
  3 bunyips
  3 eleionomae
  9 deep elf annihilators (Elf:3)
  19 red draconians
  14 yellow draconians
  22 purple draconians
  4 spark wasps
  15 white draconians
  14 dire elephants
  10 deep elf death magi
  4 blizzard demons
  A crystal guardian (Vaults:4)
  9 fire dragons
  7 deep elf high priests
  7 shambling mangroves
  7 yaktaur captains
  A green death (Swamp:4)
  17 jiangshi
  7 ettins
  6 ice dragons
  14 great orbs of eyes
  6 boulder beetles
  3 rakshasas
  2 spriggan zombies (Crypt:3)
  3 peacekeepers
  4 jorogumos
  Erolcha (Orc:1)
  2 spriggan air magi
  2 caustic shrike simulacra (IceCv)
  3 two-headed ogres
  2 death knights
  12 hydras
  3 ghost crabs
  14 ironbound frosthearts
  2 radroaches
  2 catoblepae
  5 ogre magi (Swamp:4)
  3 hell beasts
  6 vault guards
  21 dancing weapons
  8 centaur warriors
  An azure jelly zombie (Crypt:2)
  2 tengu warriors
  12 vampire magi
  6 death yaks
  11 deep troll shamans
  3 orc high priests (Orc:2)
  8 alligators
  12 deep troll earth magi
  An emperor scorpion zombie (Crypt:3)
  The ghost of kalagan the Thaumaturge, a journeyman DECj of Sif Muna (Lair:1)
  Sonja (Lair:2)
  4 spriggan berserkers
  2 bennu skeletons (Crypt:1)
  22 deep elf knights
  6 soul eaters
  7 iron trolls
  4 hell knights (Depths:3)
  2 titan skeletons
  3 sixfirhies (Depths:2)
  45 skeletal warriors
  2 death drakes (Swamp:4)
  48 deep trolls
  3 goliath frogs (Swamp:1)
  A bunyip zombie (Crypt:3)
  3 glowing orange brains
  9 flayed ghosts
  5 swamp dragons
  Lodul (D:10)
  3 pharaoh ants
  A swamp dragon (shapeshifter) (Depths:3)
  2 bog bodies
  An orange crystal statue (D:14)
  5 spriggan druids
  9 orb spiders
  17 ironbound convokers
  8 steelbarb worms
  27 phantasmal warriors
  2 obsidian statues
  7 lindwurms
  Pikel (D:7)
  5 spriggan simulacra
  13 deep elf archers
  3 harpies (Vaults:1)
  The ghost of Pihoang the Tainter, a novice GrVM (Lair:1)
  25 deep elf zephyrmancers
  10 wizards
  2 golden dragon skeletons
  10 necromancers
  29 deep elf pyromancers
  10 orc sorcerers
  An iron dragon zombie (Depths:2)
  11 orc knights
  A frost giant zombie (Depths:3)
  An ugly thing (shapeshifter) (Vaults:4)
  28 ugly things
  11 wolf spiders
  5 will-o-the-wisps
  A sphinx skeleton (Vaults:2)
  A draconian zombie (Crypt:3)
  2 cyclopes
  3 shining eyes
  3 manticores
  34 moths of wrath
  9 human skeletons
  2 tengu skeletons
  15 elephants
  A naga mage (Depths:1)
  12 vault sentinels
  3 black mambas
  A stone giant skeleton (Vaults:2)
  A centaur zombie (Crypt:3)
  10 apocalypse crabs (Zot:1)
  3 orange demons
  2 dire elephant zombies (Crypt:3)
  An ice statue (D:14)
  4 torpor snails
  A gargoyle (D:13)
  13 cane toads
  A human zombie (Vaults:4)
  2 smoke demons
  A kobold demonologist (D:12)
  6 rime drakes
  An unseen horror (D:12)
  7 demonic crawlers
  A hellion (Depths:1)
  26 yaktaurs
  A hellwing (Swamp:4)
  9 komodo dragons
  3 anaconda simulacra (IceCv)
  2 golden dragon simulacra
  2 ice devils
  A redback zombie (Crypt:3)
  3 tengu conjurers
  A white draconian skeleton (Crypt:2)
  17 freezing wraiths
  A red devil (Lair:5)
  8 trolls
  2 harpy zombies (Crypt:3)
  A queen bee (shapeshifter) (Spider:4)
  5 meliai
  14 tyrant leeches
  A tarantella (shapeshifter) (D:15)
  2 polar bears
  95 slime creatures
  21 tarantellas
  5 dream sheep (Lair:5)
  A blink frog (shapeshifter) (D:15)
  2 bloated husks (Swamp:4)
  22 hornets
  5 blink frogs (Lair:5)
  A stone giant simulacrum (Vaults:4)
  An ice dragon skeleton (Crypt:1)
  A jumping spider (shapeshifter) (D:15)
  21 jumping spiders
  2 elf skeletons
  2 shadows
  A wind drake zombie (Crypt:1)
  25 culicivoras
  An ettin skeleton (Crypt:3)
  A black mamba skeleton (Crypt:2)
  11 spriggans
  3 vampires
  A ynoxinul (Depths:2)
  A golden eye (Slime:5)
  5 wyverns
  31 yaks
  2 dire elephant simulacra (IceCv)
  9 wraiths
  13 vampire mosquitoes
  A yaktaur simulacrum (Vaults:3)
  Grum (D:10)
  11 basilisks
  7 hogs (Spider:1)
  44 redbacks
  A chaos spawn (Swamp:4)
  2 large abominations (Elf:1)
  3 neqoxecs
  2 fire elementals
  18 humans (D:14)
  3 wargs
  11 swamp worms
  Menkaure (D:7)
  3 harpy simulacra (IceCv)
  16 water moccasins
  A swamp worm (shapeshifter) (Depths:4)
  3 glowing shapeshifter skeletons
  A hydra simulacrum (IceCv)
  3 acid dragons
  3 floating eyes
  5 hell hounds (Lair:5)
  A swamp drake (Swamp:1)
  A sky beast (D:8)
  An elf simulacrum (Vaults:3)
  5 alligator simulacra (IceCv)
  8 ogres
  A snapping turtle zombie (Crypt:2)
  2 ettin simulacra (IceCv)
  14 wolves
  33 orc warriors
  3 boggarts (Vaults:2)
  A swamp dragon skeleton (Crypt:2)
  A blink frog skeleton (Crypt:1)
  2 centaurs (D:6)
  3 lemures (D:7)
  A phantom (D:6)
  4 elf zombies (Elf:1)
  A dream sheep skeleton (Crypt:3)
  3 kobold brigands
  13 bullfrogs
  A human simulacrum (Depths:1)
  A gnoll sergeant (D:8)
  A draconian skeleton (Crypt:2)
  4 earth elementals
  A necrophage (D:6)
  2 scorpions
  13 wights
  3 lindwurm simulacra (IceCv)
  A raiju zombie (Crypt:1)
  9 killer bees
  4 electric eels
  3 howler monkeys (D:7)
  Crazy Yiuf (D:4)
  25 orc priests
  4 hounds
  A jelly (D:7)
  A black bear zombie (Crypt:1)
  2 iguanas
  27 orc wizards
  A killer bee zombie (Crypt:2)
  A boggart simulacrum (D:14)
  A mummy (Ossuary)
  12 gnolls
  10 adders
  8 nameless horrors
  An ufetubus (D:4)
  A lava snake skeleton (Crypt:2)
  A worm (D:5)
  4 dart slugs
  95 orcs
  6 endoplasms
  3 giant cockroaches
  5 goblins
  3 hobgoblins
  3 jackals (D:1)
  3 quokkas
  7 ball pythons
  3 bats
  4 frilled lizards
  4 gnoll skeletons (Ossuary)
  A goblin skeleton (Crypt:1)
  26 kobolds
  5 kobold skeletons (Ossuary)
  16 orc skeletons (Ossuary)
  A quokka zombie (D:7)
  6 rats
  A rat skeleton (Crypt:1)
  A rat zombie (D:7)
2366 creatures vanquished.

Vanquished Creatures (others)
  Nikola (Spider:3)
  186 eldritch tentacles
  A storm dragon (Vaults:1)
  A deep elf sorcerer (Elf:3)
  2 vault wardens
  A very ugly thing (IceCv)
  A white draconian (Zot:5)
  A dire elephant (Vaults:1)
  2 purple draconians
  An ettin (D:13)
  2 hydras
  A rakshasa (D:15)
  2 vault guards
  A boulder beetle (Spider:1)
  An orc high priest (Orc:2)
  A spriggan (Swamp:3)
  A deep elf knight (Elf:3)
  A skeletal warrior (D:11)
  2 deep trolls
  A spriggan druid (Swamp:4)
  A deep elf archer (Elf:1)
  An orc knight (Bailey)
  A deep elf zephyrmancer (Elf:1)
  A necromancer (Depths:1)
  A harpy (Vaults:1)
  A lindwurm (Vaults:1)
  An ugly thing (D:14)
  A wolf spider (Spider:4)
  A vault sentinel (Vaults:2)
  An elephant (Lair:5)
  An orange demon (Lair:5)
  4 cane toads (Lair:5)
  3 ice devils
  2 freezing wraiths (IceCv)
  2 polar bears
  5 bloated husks
  A hornet (Swamp:3)
  2 trolls
  A dream sheep (Lair:5)
  11 yaks
  2 swamp worms
  A water moccasin (Lair:5)
  A hydra simulacrum (IceCv)
  An ettin simulacrum (Depths:1)
  10 orc warriors
  2 ogres
  7 wolves
  A lemure (D:7)
  A kobold brigand (D:10)
  5 killer bees
  A lindwurm simulacrum (IceCv)
  2 electric eels (Lair:2)
  An orc priest (Orc:2)
  A centaur skeleton (Crypt:3)
  An orc wizard (D:10)
  6 orcs
  A goblin (D:10)
  2 bushes (Lair:5)
  A demonic plant (D:1)
  31 foxfires
  29 fungi
  39 plants
  2 withered plants (Swamp:4)
400 creatures vanquished.

Grand Total: 2803 creatures vanquished

Notes
Turn   | Place    | Note
-------+----------+-------------------------------------------
     0 | D:1      | LSt the Deep Elf Summoner began the quest for the Orb.
     0 | D:1      | Reached XP level 1. HP: 10/10 MP: 6/6
   356 | D:1      | Reached XP level 2. HP: 15/15 MP: 5/8
   359 | D:1      | Learned a level 2 spell: Call Imp
   389 | D:1      | Reached skill level 5 in Summonings
  1035 | D:1      | Reached XP level 3. HP: 16/19 MP: 1/9
  1062 | D:1      | Learned a level 3 spell: Call Canine Familiar
  1250 | D:1      | Found a faded altar of an unknown god.
  1769 | D:2      | Reached XP level 4. HP: 24/24 MP: 7/10
  2180 | D:2      | Found a bloodstained altar of Trog.
  2627 | D:3      | Reached XP level 5. HP: 28/28 MP: 0/11
  2767 | D:3      | Found a shimmering altar of Xom.
  2824 | D:3      | Found Guug's Antique Armour Shoppe.
  3035 | D:3      | Found a sacrificial altar of Ru.
  3037 | D:3      | Found a burning altar of Makhleb.
  3634 | D:4      | Reached XP level 6. HP: 7/32 MP: 5/12
  3976 | D:4      | Found a runed translucent door.
  3977 | D:4      | Noticed Crazy Yiuf
  3998 | D:4      | Killed Crazy Yiuf
  4188 | D:5      | Entered Level 5 of the Dungeon
  4256 | D:5      | Found a transporter.
  4256 | D:5      | Noticed nikirochi's ghost (amateur OpBr)
  4283 | D:5      | Found a transporter.
  4930 | D:5      | Reached XP level 7. HP: 36/36 MP: 11/15
  4934 | D:5      | Learned a level 3 spell: Summon Guardian Golem
  5150 | D:6      | Noticed a steam dragon
  5169 | D:6      | Reached skill level 1 in Hexes
  5384 | D:6      | Reached skill level 5 in Stealth
  5392 | D:6      | Reached skill level 10 in Summonings
  5410 | D:6      | Reached XP level 8. HP: 41/41 MP: 13/16
  5555 | D:6      | Found a snail-covered altar of Cheibriados.
  6391 | D:7      | Reached skill level 5 in Spellcasting
  6459 | D:7      | Found a sand-covered staircase.
  6525 | Ossuary  | Entered an ossuary
  6957 | D:7      | Found a staircase to the Ecumenical Temple.
  6966 | Temple   | Entered the Ecumenical Temple
  7143 | Temple   | Became a worshipper of Sif Muna the Loreminder
  7205 | D:7      | Noticed Menkaure
  7212 | D:7      | Killed Menkaure
  7403 | D:7      | Reached XP level 9. HP: 45/45 MP: 12/18
  7549 | D:7      | Learned a level 4 spell: Summon Lightning Spire
  7672 | D:7      | Reached skill level 1 in Air Magic
  7734 | D:7      | Noticed Pikel
  7749 | D:7      | Killed Pikel
  8205 | D:8      | Reached * piety under Sif Muna
  8269 | D:8      | Reached skill level 1 in Invocations
  8342 | D:8      | Reached skill level 5 in Dodging
  8343 | D:8      | Reached XP level 10. HP: 50/50 MP: 13/22
  8682 | D:8      | Reached skill level 5 in Invocations
  8815 | D:8      | Found a blossoming altar of Fedhas.
  9287 | D:9      | Reached skill level 1 in Fighting
  9296 | D:9      | Reached ** piety under Sif Muna
  9605 | D:9      | Noticed a manticore
  9612 | D:9      | Killed a manticore
  9805 | D:10     | Entered Level 10 of the Dungeon
  9936 | D:10     | Noticed Lodul
  9948 | D:10     | Killed Lodul
  9959 | D:10     | Reached XP level 11. HP: 51/56 MP: 11/24
  9966 | D:10     | Found a flagged portal.
  9988 | D:10     | Identified the +7 flail "Brush" {protect, *Rage *Corrode
                  | rElec rPois}
 10024 | Bailey   | Entered a bailey
 10033 | Bailey   | Reached *** piety under Sif Muna
 10182 | Bailey   | Reached XP level 12. HP: 60/60 MP: 13/26
 10701 | D:10     | Found a staircase to the Lair.
 10875 | D:10     | Noticed Grum
 10887 | D:10     | Killed Grum
 11178 | Lair:1   | Entered Level 1 of the Lair of Beasts
 11299 | Lair:1   | Identified the +6 chain mail of Distant Worlds {rElec}
 11335 | Lair:1   | Reached **** piety under Sif Muna
 12148 | Lair:1   | Found a runed translucent gate.
 12148 | Lair:1   | Found a runed translucent gate.
 12149 | Lair:1   | Found a runed translucent gate.
 12150 | Lair:1   | Noticed kalagan's ghost (journeyman DECj)
 12151 | Lair:1   | Noticed Pihoang's ghost (novice GrVM)
 12182 | Lair:1   | Killed Pihoang's ghost
 12189 | Lair:1   | Killed kalagan's ghost
 12345 | Lair:2   | Reached skill level 10 in Spellcasting
 12481 | Lair:2   | Reached skill level 10 in Stealth
 12867 | Lair:2   | Noticed Sonja
 12886 | Lair:2   | Killed Sonja
 13398 | Lair:2   | Reached ***** piety under Sif Muna
 13401 | Lair:2   | Found a staircase to the Swamp.
 13569 | Lair:3   | Noticed a four-headed hydra
 13679 | Lair:3   | Reached XP level 13. HP: 66/66 MP: 21/30
 13889 | Lair:3   | Found a hole to the Spider Nest.
 14008 | Lair:3   | Received a gift from Sif Muna
 14067 | Lair:3   | Learned a level 6 spell: Summon Cactus Giant
 14924 | Lair:4   | Reached skill level 10 in Dodging
 15647 | Lair:4   | Found a staircase to the Slime Pits.
 16003 | Lair:5   | Entered Level 5 of the Lair of Beasts
 16243 | Lair:5   | Received a gift from Sif Muna
 16244 | Lair:5   | Reached XP level 14. HP: 76/76 MP: 11/32
 16244 | Lair:5   | Got Sif Muna's Teachings on Allied Vitiation {god gift}
 16285 | Lair:4   | Learned a level 7 spell: Monstrous Menagerie
 16888 | Lair:5   | Reached skill level 5 in Fighting
 17957 | Lair:5   | Learned a level 5 spell: Summon Mana Viper
 17977 | Lair:5   | Found a burning altar of Makhleb.
 18187 | Lair:5   | Found a gateway to Hell.
 18195 | Lair:5   | Got the Guide on Singed Unhallowed Liturgies
 18858 | D:11     | Found Gowniqi Sary's Armour Boutique.
 18858 | D:11     | Found a staircase to the Orcish Mines.
 18860 | D:11     | Found Nyphisch's Weapon Boutique.
 18882 | D:11     | Bought a +2 buckler of protection for 301 gold pieces
 18882 | D:11     | Bought a +2 leather armour of willpower for 266 gold pieces
 18900 | D:11     | Bought the +2 hood of the Assassin {Detection Stab+
                  | Stlth++} for 840 gold pieces
 18900 | D:11     | Found the +2 hood of the Assassin {Detection Stab+ Stlth++}
 19111 | D:11     | Reached skill level 1 in Shields
 19416 | D:11     | Found Hobbaj's Weapon Shoppe.
 19574 | D:12     | Found the +7 captain's cutlass {speed, disarm}
 19986 | D:12     | Received a gift from Sif Muna
 19988 | D:12     | Got Sif Muna's Verses on Translocated Damage Dealing {god
                  | gift}
 20169 | D:12     | Found a blossoming altar of Fedhas.
 20611 | D:13     | You fall into a shaft and drop 1 floor!
 21140 | D:14     | Reached skill level 1 in Evocations
 21423 | D:13     | Reached XP level 15. HP: 77/84 MP: 18/33
 21951 | D:13     | Noticed a fire giant
 21975 | D:13     | Killed a fire giant
 22334 | D:13     | Got the Catalogue of the Kinetic Summer
 22576 | D:14     | Identified a scroll of acquirement
 22992 | D:14     | Found a gate to the Vaults.
 23539 | D:15     | Entered Level 15 of the Dungeon
 23791 | D:15     | Identified the +0 hat "Oraonidghipt" {rElec Will+ Int+3}
 23855 | D:15     | Reached skill level 5 in Evocations
 24207 | D:15     | Found Caec's Assorted Antiques.
 24403 | D:15     | Received a gift from Sif Muna
 24404 | D:15     | Got Asmodeus's Handbook of Leadership {god gift}
 24410 | D:15     | Reached skill level 1 in Translocations
 24594 | D:15     | Found a staircase to the Depths.
 24826 | Orc:1    | Entered Level 1 of the Orcish Mines
 24861 | Orc:1    | Noticed an orc warlord
 24879 | Orc:1    | Killed an orc warlord
 25145 | Orc:2    | Entered Level 2 of the Orcish Mines
 25170 | Orc:2    | Reached skill level 5 in Translocations
 25405 | Orc:1    | Noticed Erolcha
 25637 | Orc:1    | Killed Erolcha
 25861 | Orc:2    | Found Pulaangy's Distillery.
 26256 | Orc:2    | Received a gift from Sif Muna
 26403 | Orc:2    | Got Sif Muna's Disquisition on the Destructive Atmosphere
                  | {god gift}
 26642 | Orc:2    | Noticed an orc warlord
 26652 | Orc:2    | Killed an orc warlord
 26655 | Orc:2    | Reached XP level 16. HP: 88/88 MP: 19/34
 26808 | Orc:2    | Found a staircase to the Elven Halls.
 27065 | Orc:2    | Found Baenaal's Antique Armour Boutique.
 27065 | Orc:2    | Found Meubrommem's Antique Weapon Boutique.
 27083 | Orc:2    | Found Qycoana's General Store.
 27083 | Orc:2    | Found Gelus's Jewellery Shop.
 27187 | Orc:2    | Learned a level 7 spell: Malign Gateway
 27214 | Orc:2    | Bought a ring of resist corrosion for 260 gold pieces
 27380 | Swamp:1  | Entered Level 1 of the Swamp
 27989 | Swamp:1  | Received a gift from Sif Muna
 28237 | Swamp:1  | Reached skill level 10 in Translocations
 31255 | Swamp:3  | Learned a level 4 spell: Passage of Golubria
 31256 | Swamp:4  | Entered Level 4 of the Swamp
 32134 | Swamp:4  | Noticed Donald
 32134 | Swamp:4  | Received a gift from Sif Muna
 32150 | Swamp:4  | Killed Donald
 32378 | Swamp:4  | Found a runed translucent gate.
 32380 | Swamp:4  | Found a runed translucent gate.
 32381 | Swamp:4  | Found a runed translucent gate.
 32382 | Swamp:4  | Noticed duchin's ghost (adept MfBe)
 32383 | Swamp:4  | Noticed solar's ghost (adept MiFi)
 32383 | Swamp:4  | Noticed Svetislav95's ghost (adept HuGl)
 32383 | Swamp:4  | Noticed donbex's ghost (adept DECj)
 32765 | Swamp:4  | Reached XP level 17. HP: 86/95 MP: 15/36
 32906 | Swamp:4  | Learned a level 2 spell: Blink
 33589 | Swamp:4  | Got a decaying rune of Zot
 33868 | Swamp:4  | Killed Svetislav95's ghost
 33881 | Swamp:4  | Killed duchin's ghost
 33886 | Swamp:4  | Killed donbex's ghost
 33887 | Swamp:4  | Killed solar's ghost
 34243 | Spider:1 | Entered Level 1 of the Spider Nest
 34249 | Spider:1 | Received a gift from Sif Muna
 34253 | Spider:1 | Noticed Kirke
 34265 | Spider:1 | Reached skill level 15 in Dodging
 34268 | Spider:1 | Killed Kirke
 34438 | Spider:1 | Got Sif Muna's Anthology of Apparitions {god gift}
 35800 | Spider:2 | Found a frozen archway.
 35935 | IceCv    | Entered an ice cave
 35977 | IceCv    | Received a gift from Sif Muna
 35987 | IceCv    | Got Sif Muna's Excursus on Ozone and Wanderlust {god gift}
 36574 | IceCv    | Found an ancient bone altar of Kikubaaqudgha.
 36707 | IceCv    | Reached skill level 15 in Stealth
 36952 | IceCv    | Noticed a lich
 36959 | IceCv    | Killed a lich
 37293 | Spider:2 | Reached XP level 18. HP: 101/101 MP: 16/37
 38383 | Spider:3 | Noticed Nikola
 38391 | Spider:3 | Killed Nikola
 38705 | Spider:3 | Identified the +0 plate armour "Laitzaipto" {rPois rN+
                  | Str-2 Dex+5}
 38999 | Spider:3 | Received a gift from Sif Muna
 39672 | Spider:4 | Entered Level 4 of the Spider Nest
 39678 | Spider:4 | Noticed Asterion
 40411 | Spider:4 | Noticed Arachne
 40606 | Spider:4 | Identified Roxanne's Parchment of Shapes
 40606 | Spider:4 | Noticed Roxanne
 40660 | Spider:4 | Killed Arachne
 41663 | Spider:4 | Received a gift from Sif Muna
 42227 | Spider:4 | Got a gossamer rune of Zot
 43015 | Spider:4 | Killed Asterion
 43300 | Elf:1    | Entered Level 1 of the Elven Halls
 43902 | Elf:1    | Found Ynykh's Book Shoppe.
 44057 | Elf:1    | Found Haramawn's Distillery.
 44491 | Elf:1    | Got the Almanac of Shadows
 44813 | Elf:1    | Found Tazu's Antique Weapon Emporium.
 45482 | Elf:1    | Found Polunk's Magic Scroll Shop.
 45566 | Elf:2    | Received a gift from Sif Muna
 45567 | Elf:2    | Got Sif Muna's Almanac of the Forgotten Lives {god gift}
 45820 | Elf:2    | Reached XP level 19. HP: 106/108 MP: 23/38
 46022 | Elf:2    | Found a runed translucent gate.
 46023 | Elf:2    | Found a runed translucent gate.
 46716 | Elf:2    | Found a runed translucent gate.
 47831 | Vaults:1 | Entered Level 1 of the Vaults
 47836 | Vaults:1 | Found Jopaeso's Distillery.
 47950 | Vaults:1 | Bought a potion of experience for 1050 gold pieces
 47950 | Vaults:1 | Reached XP level 20. HP: 116/116 MP: 40/40
 49420 | Vaults:1 | Reached skill level 15 in Spellcasting
 50093 | Vaults:1 | Received a gift from Sif Muna
 50094 | Vaults:1 | Got Sif Muna's Reference Book on Striking and the Map {god
                  | gift}
 51024 | Vaults:2 | Found the +8 Wrath of Trog {antimagic, *Rage Rampage}
 52149 | Vaults:2 | Reached skill level 10 in Fighting
 52191 | Vaults:2 | Found a staircase to the Crypt.
 52382 | Vaults:2 | Reached XP level 21. HP: 81/122 MP: 17/42
 52711 | Vaults:2 | Received a gift from Sif Muna
 52712 | Vaults:2 | Got Ikaet's Incunable of the Tiger {god gift}
 55091 | Vaults:3 | Identified the +0 cloak "Siath" {Rampage rF+ rCorr Str+3}
 55855 | Vaults:4 | Received a gift from Sif Muna
 56556 | Vaults:4 | Reached ****** piety under Sif Muna
 57305 | Vaults:4 | Learned a level 9 spell: Dragon's Call
 57576 | Vaults:4 | Identified the ring of Kasosm {Wiz rElec Str+4}
 57836 | Vaults:4 | Received a gift from Sif Muna
 58529 | Vaults:4 | Reached XP level 22. HP: 127/127 MP: 30/43
 58991 | Depths:1 | Entered Level 1 of the Depths
 59015 | Depths:1 | Reached skill level 27 in Summonings
 59502 | Depths:1 | Received a gift from Sif Muna
 59912 | Depths:1 | Got the Lessons on Stones
 60090 | Depths:1 | Noticed Bai Suzhen
 60103 | Depths:1 | Killed Bai Suzhen
 61401 | Elf:3    | Entered Level 3 of the Elven Halls
 61475 | Elf:3    | Found a flickering gateway to a bazaar.
 61490 | Bazaar   | Entered a bazaar
 61490 | Bazaar   | Found Gynisoc's Armour Shoppe.
 61490 | Bazaar   | Found Imorug's Armour Shoppe.
 61490 | Bazaar   | Found Omooru Hisi's General Store.
 61572 | Bazaar   | Bought a +1 pair of boots for 149 gold pieces
 61586 | Bazaar   | Bought a potion of brilliance for 76 gold pieces
 61642 | Elf:3    | Received a gift from Sif Muna
 61643 | Elf:3    | Got Baaf's Tome of Interference {god gift}
 62330 | Elf:3    | Identified the +6 battleaxe of Megrarpho {vorpal, rElec
                  | rPois rCorr Str-2}
 62477 | Elf:3    | Identified the +7 dire flail of Tyikhuk {freeze, rF++ rC+}
 62760 | Elf:3    | Identified the +1 leather armour of Qazlal's Whim {rPois
                  | Will- Int+6 Slay+3}
 62984 | Elf:3    | Identified the +10 quarterstaff of Qerarchyj {speed, Str+5}
 62984 | Elf:3    | Identified the +1 robe of the Invisible Hand {rElec Str+4
                  | Dex+3}
 63287 | Elf:3    | Got the Verses on Frosty Variation
 64405 | Depths:2 | Reached XP level 23. HP: 135/135 MP: 23/46
 64548 | Depths:2 | Received a gift from Sif Muna
 64568 | Depths:2 | Identified the +6 demon blade of Beyond {distort, rF-
                  | Dex+6}
 64955 | Depths:2 | Noticed a juggernaut
 64969 | Depths:2 | Killed a juggernaut
 65401 | Depths:2 | Found Wiblea's Antique Armour Shop.
 65569 | Depths:2 | Found a one-way gate leading to the halls of Pandemonium.
 65772 | Depths:2 | Bought a pair of embroidered gloves for 270 gold pieces
 65855 | Depths:3 | Noticed Louise
 65857 | Depths:3 | Found a one-way gate to the infinite horrors of the Abyss.
 65858 | Depths:3 | Killed Louise
 65916 | Depths:3 | Found a flickering gateway to a bazaar.
 65932 | Bazaar   | Entered a bazaar
 65967 | Bazaar   | Found Bun Ekh's Antique Armour Shoppe.
 65992 | Bazaar   | Found Ref Cibyu's Antique Armour Emporium.
 66000 | Bazaar   | Bought a pair of embroidered boots for 180 gold pieces
 66028 | Bazaar   | Found Yhinav's Antique Weapon Shop.
 66080 | Bazaar   | Found Quculis's Book Emporium.
 66103 | Bazaar   | Bought a pair of runed boots for 180 gold pieces
 66132 | Bazaar   | Bought a slimy broad axe for 126 gold pieces
 66132 | Bazaar   | Identified the +3 broad axe of Modesty {antimagic, *Noise
                  | rElec Str+6 SInv} (You bought it in a shop in a bazaar)
 66847 | Depths:3 | Identified the amulet "Xorair" {Spirit Int+4 Dex+3}
 66976 | Depths:3 | Found a one-way gateway to a ziggurat.
 67333 | Depths:3 | Received a gift from Sif Muna
 67334 | Depths:3 | Got Fuplan's Vellum of the Fetching Coals {god gift}
 67600 | Depths:3 | Paralysed by a floating eye for 3 turns
 68597 | Depths:3 | Got Sif Muna's Collected Works on the Caves and Conjury
 68876 | Depths:4 | Entered Level 4 of the Depths
 69641 | Depths:4 | Noticed a juggernaut
 69643 | Depths:4 | Noticed a caustic shrike
 69645 | Depths:4 | Killed a juggernaut
 69648 | Depths:4 | Killed a caustic shrike
 69649 | Depths:4 | Reached XP level 24. HP: 147/147 MP: 20/47
 69862 | Depths:4 | Found a gate to the Realm of Zot.
 69882 | Depths:4 | Identified the +1 robe of Qiolau Qali {*Slow Str+9}
 70468 | Depths:4 | Received a gift from Sif Muna
 70469 | Depths:4 | Got Ehyeh's Secrets of Charms and Weather {god gift}
 71044 | Crypt:1  | Entered Level 1 of the Crypt
 71677 | Crypt:1  | Noticed Zenata
 72226 | Crypt:1  | Reached skill level 15 in Fighting
 72702 | Crypt:1  | Killed Zenata
 72984 | Crypt:1  | Learned a level 6 spell: Dispersal
 73045 | Crypt:2  | Found a basalt altar of Yredelemnul.
 73138 | Crypt:2  | Identified the +2 broad axe "Bacoraaw" {spect, *Slow Str+6}
 73982 | Crypt:3  | Entered Level 3 of the Crypt
 73993 | Crypt:3  | Found a runed translucent gate.
 73994 | Crypt:3  | Found a runed translucent gate.
 73999 | Crypt:3  | Noticed Uxem's ghost (veteran GrEE)
 74010 | Crypt:3  | Found a runed translucent gate.
 74019 | Crypt:3  | Received a gift from Sif Muna
 74216 | Crypt:3  | Found a staircase to the Tomb.
 74350 | Crypt:3  | Identified the ring "Ywirch" {Drain rPois Str+6 Dex+4 SInv}
 74585 | Crypt:3  | Identified the +5 war axe of the Onslaught {antimagic, Fly}
 74915 | Crypt:3  | Reached skill level 10 in Invocations
 75173 | Crypt:3  | Received a gift from Sif Muna
 75631 | Crypt:3  | Found an ancient bone altar of Kikubaaqudgha.
 75932 | Crypt:3  | Identified the +6 demon blade of the Supporting Gods
                  | {protect, rElec rC+ Int-2}
 76196 | Crypt:3  | Identified the ring of Poruhoub {rF+ rC+ rN+ MP+9 Int+4}
 76196 | Crypt:3  | Identified the amulet of Amelioration {-Tele rElec Regen+
                  | Int+8}
 76196 | Crypt:3  | Identified the ring of Surprise {rF- rN+ Int+3}
 76244 | Crypt:3  | Noticed Jory
 76267 | Crypt:3  | Killed Jory
 77231 | Slime:1  | Entered Level 1 of the Pits of Slime
 77249 | Slime:1  | Received a gift from Sif Muna
 77250 | Slime:1  | Got Sif Muna's Handbook of Reformation and the Map {god
                  | gift}
 77282 | Slime:1  | Reached XP level 25. HP: 114/157 MP: 15/47
 77801 | Slime:4  | Noticed Dissolution
 77801 | Slime:4  | Found a viscous altar of Jiyva.
 77818 | Slime:4  | Killed Dissolution
 77932 | Slime:5  | Entered Level 5 of the Pits of Slime
 78073 | Slime:5  | Noticed the Royal Jelly
 78089 | Slime:5  | Killed the Royal Jelly
 78100 | Slime:4  | Received a gift from Sif Muna
 78105 | Slime:4  | Got Sif Muna's Treatise on Black Liturgies {god gift}
 78409 | Slime:5  | Paralysed by a floating eye for 3 turns
 78413 | Slime:5  | Paralysed by a floating eye for 3 turns
 79106 | Slime:5  | Identified the ring of Descent {rPois rF+++ rC- Str-2
                  | Slay+4}
 79130 | Slime:5  | Got a slimy rune of Zot
 79133 | Slime:5  | Identified the +7 eveningstar "Tigizif" {freeze, Fragile
                  | rPois Dex+3 SInv}
 79617 | Orc:2    | Bought a scroll of fear for 52 gold pieces
 79617 | Orc:2    | Bought a potion of heal wounds for 65 gold pieces
 79617 | Orc:2    | Bought a potion of mutation for 104 gold pieces
 79679 | Elf:1    | Bought a potion of heal wounds for 65 gold pieces
 79679 | Elf:1    | Bought a potion of mutation for 104 gold pieces
 79679 | Elf:1    | Bought a potion of resistance for 130 gold pieces
 80146 | Zot:1    | Entered Level 1 of the Realm of Zot
 80819 | Zot:1    | Reached skill level 5 in Shields
 81704 | Zot:1    | Paralysed by you for 4 turns
 81807 | Zot:1    | Identified the +4 troll leather armour of Idighemie {Regen+
                  | Int+4}
 82080 | Zot:2    | Received a gift from Sif Muna
 82081 | Zot:2    | Got Ippubimnu's Volume of Bolts and the Iceberg {god gift}
 82393 | Zot:2    | Reached skill level 1 in Armour
 82630 | Zot:2    | Found the amulet of Vitality {RegenMP++ Regen++}
 82931 | Zot:2    | Reached skill level 15 in Invocations
 83301 | Zot:2    | Identified the +11 longbow "Xeel" {freeze, Drain rCorr
                  | Int+6 SInv}
 83383 | Zot:2    | Reached XP level 26. HP: 166/166 MP: 40/47
 84123 | Zot:3    | You fall into a shaft and drop 1 floor!
 84191 | Zot:3    | Found the +4 dragonskin cloak
 84191 | Zot:3    | Noticed Tiamat
 84467 | Zot:3    | Received a gift from Sif Muna
 84507 | Zot:3    | Killed Tiamat
 84711 | Zot:3    | Got Sif Muna's Spellbook of Blasts and the Gathering {god
                  | gift}
 85213 | Zot:4    | Noticed an orb of fire
 85224 | Zot:4    | Killed an orb of fire
 85560 | Zot:4    | Noticed an orb of fire
 85727 | Zot:4    | Killed an orb of fire
 86085 | Zot:4    | Identified the +8 mace of Diuxtu {speed, Dex+4}
 86153 | Zot:4    | Noticed an orb of fire
 86172 | Zot:4    | Killed an orb of fire
 86525 | Zot:4    | Received a gift from Sif Muna
 86526 | Zot:4    | Got Ymeusch's Essays on Spellbinding Stones {god gift}
 87248 | Zot:5    | Entered Level 5 of the Realm of Zot
 87552 | Zot:5    | Reached XP level 27. HP: 162/176 MP: 36/47
 87821 | Zot:5    | Noticed a dread lich
 87833 | Zot:5    | Killed a dread lich
 87834 | Zot:5    | Reached skill level 10 in Shields
 88297 | Zot:5    | Reached skill level 27 in Dodging
 88422 | Zot:5    | Noticed an orb of fire
 88423 | Zot:5    | Noticed an ancient lich
 88428 | Zot:5    | Killed an orb of fire
 88429 | Zot:5    | Killed an ancient lich
 88646 | Zot:5    | Noticed an orb of fire
 88664 | Zot:5    | Gained mutation: Your magical capacity is low. (-10% MP)
                  | [an orb of fire]
 88667 | Zot:5    | Gained mutation: Armour fits poorly on your strangely
                  | shaped body. [an orb of fire]
 88671 | Zot:5    | Killed an orb of fire
 88705 | Zot:4    | Lost mutation: Armour fits poorly on your strangely shaped
                  | body. [potion of mutation]
 88705 | Zot:4    | Lost mutation: Your magical capacity is low. (-10% MP)
                  | [potion of mutation]
 88705 | Zot:4    | Gained mutation: Your flesh is cold resistant. (rC+)
                  | [potion of mutation]
 88806 | Zot:5    | Noticed an orb of fire
 88812 | Zot:5    | Killed an orb of fire
 89008 | Zot:5    | Noticed a dread lich
 89014 | Zot:5    | Killed a dread lich
 89144 | Zot:5    | Noticed an ancient lich
 89160 | Zot:5    | Killed an ancient lich
 89724 | Zot:5    | Got the Orb of Zot
 89808 | Zot:2    | Noticed Ulio the pandemonium lord
 89862 | Depths:4 | Noticed Tuots the pandemonium lord
 90337 | D:$      | Escaped with the Orb!

Illustrated notes

Levels and vault maps discovered:
D:1:      minmay_arrival_four_circles, layout_basic,
          shapermc_ecumenical_altar_gd
D:2:      layout_rooms, basic_altar
D:3:      layout_rooms, old_standard_altar, nicolae_overflow_squiral,
          serial_shops, shop, amcnicky_mini_corridor_feature
D:4:      layout_rooms, glass_columns_b, uniq_crazy_yiuf_cottage
D:5:      layout_cave_pods, gammafunk_ghost_arena
D:6:      layout_rooms, general_overflow_altar, minmay_unpleasant_kobolds
D:7:      layout_gridville, minmay_temple_entry_junction, enter_ossuary_4,
          minmay_misc_feat_doors, uniq_menkaure, uniq_pikel
D:8:      layout_rooms, mainiacjoe_overflow_chevrons
D:9:      layout_small_grid
D:10:     layout_roguey, lair_entry_dummy, enter_bailey_3, uniq_lodul, uniq_grum
D:11:     layout_rooms, orc_david_3, serial_shops,
          nicolae_shop_bloodbath_and_beyond
D:12:     layout_basic, wad_floor_pattern_1, fedhas_altar_1
D:13:     layout_gridville, minmay_radiant
D:14:     minmay_separated_statues, layout_cave_pools, grunt_vaults_entry_tiered
D:15:     gammafunk_enter_depths_forms, layout_basic, serial_shops,
          nicolae_shop_crystal
Temple:   bh_familiar_temple
Lair:1:   layout_cave_shapes, gammafunk_ghost_cemetery, fungi_pond_lemuel,
          grunt_megastairs_3
Lair:2:   layout_layer_cave, minmay_swamp_entry_eels, grunt_megastairs_2,
          uniq_sonja
Lair:3:   layout_roguey, hellmonk_spider_entry_not_the_bees,
          dreamdust_deal_with_the_devil, serial_bayou_shore_b
Lair:4:   layout_small_grid, dpeg_slime_entry_corner
Lair:5:   evil_forest, layout_cave_pods
Swamp:1:  layout_basic_swamp, evilmike_swamp_ruin_house_5,
          infiniplex_staircase_pool
Swamp:2:  layout_basic_swamp, nicolae_swamp_dense_foliage,
          nicolae_swamp_super_fun_site
Swamp:3:  layout_falls_marsh, serial_swamp_ruin, hangedman_swamp_ruin_hall,
          evilmike_swamp_ruin_house_6, evilmike_swamp_ruin_house_3
Swamp:4:  nzn_swamp_witches_coven, layout_basic_swamp, gammafunk_ghost_cemetery,
          statue_in_the_mist_lemuel, uniq_donald
Spider:1: layout_spider_delve, uniq_kirke
Spider:2: layout_cave_pods, portal_ice_cave_entry_ugly_swarm
Spider:3: layout_spider_delve, nicolae_spider_shape,
          hangedman_spider_tarantella_strand, nicolae_spider_cling_halls,
          uniq_nikola
Spider:4: grunt_spider_rune_island, uniq_arachne, uniq_asterion, uniq_roxanne
Slime:1:  layout_caves
Slime:2:  nicolae_slime_pool, layout_caves
Slime:3:  layout_caves, nicolae_slime_phagocytosis
Slime:4:  layout_caves, basic_altar, dissolution_awaits
Slime:5:  uniq_dissolution
Orc:1:    layout_diamond_mine, uniq_erolcha
Orc:2:    st_orc_congregation, layout_diamond_mine, serial_shops,
          nicolae_shop_waterfront
Elf:1:    minmay_elf_arrival_circle, layout_geoelf_diagonals, serial_sigils,
          serial_sigils_hangedman_confine, serial_sigils_hangedman_etch,
          serial_sigils_hangedman_writhe, serial_sigils_hangedman_scratch,
          serial_sigils_hangedman_snap, serial_shops, nicolae_shop_hallway_plus,
          nicolae_shop_crystal, nicolae_shop_advertising_works
          [nicolae_subvault_shop_adworks], nicolae_lakefront_shop,
          minmay_elf_necromancy
Elf:2:    elven_hall_of_blades_hangedman_original
          [nicolae_vaults_blade_armed_guards], layout_onion_city
Elf:3:    minmay_elf_hall_four_x, layout_loops_cross, serial_shops,
          bzr_entry_safe, st_stairs_11, minmay_elf_annihilation, uniq_louise
Vaults:1: vaults_room_boxed, v_rooms_1, vaults_room_ringed_pool,
          hangedman_vaults_variations, hangedman_vaults_capsules, kb_rosetta,
          ontoclasm_vaults_eye, v_alt_pattern_1, vaults_room_door_hall,
          ontoclasm_vaults_shuriken, nicolae_vaults_gold_heap,
          vaults_room_door_ring, layout_vaults_ring, serial_shops, shop
Vaults:2: ontoclasm_vaults_ring_square, v_pattern_1, st_more_cells,
          minmay_crypt_entry_skeletal_spiral, layout_vaults_omnigrid
Vaults:3: nicolae_vaults_disjoint_gnomons, v_misc_19, st_hourglassy,
          vaults_standard_mumra_lines, nicolae_vaults_asterisk,
          vaults_dpeg_ring, vaults_room_corners, vaults_mumra_lcd,
          layout_vaults_big_room
Vaults:4: nicolae_vaults_network_quincunx
          [nicolae_vaults_network_quincunx_subvault,
          nicolae_vaults_network_quincunx_subvault,
          nicolae_vaults_network_quincunx_subvault,
          nicolae_vaults_network_quincunx_subvault,
          nicolae_vaults_network_quincunx_subvault], dpeg_vaults_monster_row,
          v_misc_27, nicolae_vaults_murderbox, nicolae_vaults_triangles,
          vaults_mumra_hex, nicolae_vaults_network_periphery, v_misc_25,
          nicolae_vaults_shelves_hall, layout_vaults_omnicross
Crypt:1:  layout_catacombs, nicolae_crypt_cryptocurrency, st_stairs_13,
          minmay_misc_feat_five, grunt_crypt_arrival_split, uniq_zenata
Crypt:2:  layout_misc_corridors, basic_altar, minivault_19
Crypt:3:  church_of_pain_bobbens, layout_chaotic_city, gammafunk_ghost_split,
          serial_sigils_hangedman_gnaw, grunt_ministairs_11, st_stairs_12,
          st_small_mortuary
Depths:1: layout_cave_shapes, grunt_hell_entry_dis_old, st_stairs_1,
          hangedman_research_geology, uniq_bai_suzhen
Depths:2: minmay_shrinking_squares, layout_basic, bh_walls_and_bars,
          grunt_hell_entry_demonic_statue, rand_demon_pan_entry_9,
          minmay_staircase_windowed_small, minmay_shop_star
Depths:3: evilmike_marble_ring, layout_gridville, enter_ziggurat_a,
          nicolae_abyss_entry_one_way_or_another, serial_shops, bzr_entry_dummy,
          hangedman_coc_ice_floe, minmay_checkered_concentric_circles
Depths:4: grunt_x_marks_the_spot, layout_cave_pools, hell_entry,
          serial_sigils_hangedman_shear, hangedman_corner_corridor
Zot:1:    gammafunk_mikee_crab_dinner, layout_gridlike
Zot:2:    layout_gridlike, lemuel_baited_zot_trap, grunt_megastairs_5
Zot:3:    layout_cellular_growth, uniq_tiamat
Zot:4:    layout_misc_corridors, st_stairs_7, grunt_ministairs_9,
          zot_minivault_8, lemuel_elevator
Zot:5:    layout_misc_corridors

Skill      XL: |  1  2  3  4  5  6  7  8  9 10 11 12 13 14 15 16 17 18 19 20 21 22 23 24 25 26 27 |
---------------+----------------------------------------------------------------------------------+-----
Summonings     | 5 6 7 9 10 12 13 14 16 18 19 20 21 22 23 26 27 | 27.0
Stealth        | 3 5 6 7 8 10 11 12 15 16 17 18 20 21 | 21.0
Spellcasting   | 4 5 7 8 11 12 13 14 15 17 18 | 18.7
Hexes          | 1 |  1.0
Air Magic      | 1 |  1.0
Dodging        | 5 6 8 10 12 13 16 17 18 20 22 24 26 27 | 27.0
Invocations    | 3 7 9 12 15 17 | 17.7
Fighting       | 1 2 4 6 7 8 9 10 11 13 16 17 19 20 | 20.3
Shields        | 1 9 12 | 12.0
Evocations     | 1 5 |  5.4
Translocations | 8 13 14 | 14.7
Armour         | 3 |  3.5

Action                   |  1- 3 |  4- 6 |  7- 9 | 10-12 | 13-15 | 16-18 | 19-21 | 22-24 | 25-27 || total
-------------------------+-------+-------+-------+-------+-------+-------+-------+-------+-------++-------
Melee: Club              |     4 |       |       |       |       |       |       |       |       ||     4
       Short sword       |    11 |       |       |       |       |       |       |       |       ||    11
       Dagger            |       |    26 |    11 |    13 |     3 |       |       |       |       ||    53
       Punch             |       |       |     1 |     1 |       |       |       |       |       ||     2
       Morningstar       |       |       |     3 |       |       |       |       |       |       ||     3
       Staff             |       |       |       |       |     1 |     1 |       |     1 |       ||     3
 Fire: Sling             |       |    37 |       |       |       |       |       |       |       ||    37
       Shortbow          |       |       |     2 |    20 |       |       |       |       |       ||    22
Throw: Stone             |     1 |       |       |       |       |       |       |       |       ||     1
       Dart              |       |       |       |     1 |       |       |       |       |       ||     1
 Cast: Summon Small Mamm |    56 |    23 |    17 |     4 |     7 |       |       |       |       ||   107
       Call Imp          |     7 |     8 |     5 |       |     2 |     1 |       |       |       ||    23
       Call Canine Famil |     2 |    24 |    30 |    43 |    87 |    72 |    18 |     5 |     2 ||   283
       Summon Guardian G |       |       |    14 |    43 |   117 |    13 |    30 |     2 |       ||   219
       Summon Lightning  |       |       |     7 |    37 |    54 |    21 |    25 |       |       ||   144
       Summon Cactus Gia |       |       |       |       |    72 |    58 |    40 |     2 |       ||   172
       Monstrous Menager |       |       |       |       |    25 |   146 |    79 |    59 |    33 ||   342
       Summon Mana Viper |       |       |       |       |    13 |     8 |     1 |     3 |     1 ||    26
       Malign Gateway    |       |       |       |       |       |    77 |    54 |    36 |    28 ||   195
       Blink             |       |       |       |       |       |     5 |     9 |     5 |     8 ||    27
       Passage of Golubr |       |       |       |       |       |     2 |     7 |     4 |     2 ||    15
       Dragon's Call     |       |       |       |       |       |       |     1 |    64 |    68 ||   133
       Dispersal         |       |       |       |       |       |       |       |       |     5 ||     5
Invok: Channel Magic     |       |       |       |       |     3 |     4 |       |     1 |       ||     8
Evoke: Wand              |       |       |       |       |     1 |       |     1 |     2 |     1 ||     5
       Condenser vane    |       |       |       |       |       |       |     3 |       |       ||     3
  Use: Scroll            |     3 |     7 |     5 |    10 |     7 |     8 |     1 |     8 |     8 ||    57
       Potion            |       |       |       |     2 |       |     4 |     1 |     1 |     4 ||    12
 Stab: Distracted        |       |       |     1 |     1 |       |       |       |       |       ||     2
Armor: Robe              |     6 |     9 |     8 |     7 |       |    62 |    13 |    34 |     6 ||   145
       Leather armour    |     6 |       |       |       |    20 |       |       |       |       ||    26
       Troll leather arm |       |       |       |    11 |    14 |       |       |       |    36 ||    61
Dodge: Dodged            |    18 |    20 |    19 |   103 |   168 |   433 |   249 |   305 |   323 ||  1638
Block: Other             |       |     6 |     4 |       |       |       |       |       |       ||    10
       Reflection        |       |     2 |     3 |       |       |       |       |       |       ||     5
       Buckler           |       |       |       |       |    31 |    97 |    66 |    66 |    91 ||   351
